Knights vs Wolfes
Created - January 9, 2020 at 19:24
Goals
|
| Knights |
0 |
0 |
1 |
1 |
| Wolfes |
1 |
1 |
0 |
2 |
|
Shots
|
| Knights |
3 |
11 |
8 |
22 |
| Wolfes |
13 |
16 |
8 |
37 |
|
1st period
1. Wolfes , Benn Ferriero 11 (Klas Dahlbeck 3, Scott Timmins 9) at 12:51
Penalties :
Nicolas Petan (Lon) for Delaying the game (Minor) at 4:20, Ludwig Bystrom (Lon) for Hooking (Minor) at 19:58
2nd period
2. Wolfes , Blake Pietila 17 (Michael Stone 24, Alexandre Grenier 16) at 11:03
Penalties :
Matt Grzelcyk (RIM) for Interference (Minor) at 14:44, Josh Morrissey (Lon) for Holding (Minor) at 19:39
3rd period
3. Knights , Jonathan Huberdeau 5 (Josh Bailey 17, Boone Jenner 21) at 3:03 (PP)
Penalties :
Barclay Goodrow (RIM) for Hooking (Minor) at 2:17
Goalie Stats
Magnus Hellberg (Lon), 35 saves from 37 shots - (0.946), L, 13-11-3, 59:02 minutes
Laurent Brossoit (RIM), 21 saves from 22 shots - (0.955), W, 14-7-2, 60:00 minutes
Players Stats for Knights
Player Name G A P +/- PIM S H SB GA TA FO MP PP MP PK MP
------------------------------------------------------------------------------------
Boone Jenner 0 1 1 0 0 1 2 0 0 0 10/27 19:21 1:57 0:45
Brendan Gaunce 0 0 0 0 0 1 1 0 0 0 0/3 13:31 0:00 1:53
Collin Miller 0 0 0 -1 0 0 2 2 0 0 0/0 17:40 1:24 2:54
Fredrik Claesson 0 0 0 0 0 0 0 0 0 0 0/0 3:18 0:00 0:22
Jonathan Huberdeau 1 0 1 0 0 4 1 1 0 0 0/1 20:17 1:57 0:45
Jordan Martinook 0 0 0 0 0 1 5 0 0 0 0/0 17:54 0:48 3:19
Josh Bailey 0 1 1 0 0 1 1 1 0 0 1/3 20:12 1:57 1:53
Josh Morrissey 0 0 0 -1 2 1 4 4 0 0 0/0 23:28 1:21 0:00
Linden Vey 0 0 0 0 0 3 0 0 1 0 0/2 15:29 0:48 0:00
Ludwig Bystrom 0 0 0 -1 2 0 3 3 0 1 0/0 20:58 0:00 0:38
Michael Matheson 0 0 0 -1 0 0 4 4 1 1 0/0 25:10 1:21 4:30
Miro Aaltonen 0 0 0 0 0 3 0 0 1 0 10/26 19:07 0:48 3:19
Nathan Walker 0 0 0 0 0 1 1 0 1 0 0/0 11:21 0:00 0:00
Nicolas Petan 0 0 0 -2 2 2 2 0 0 0 2/4 8:36 0:00 0:00
Nikolay Goldobin 0 0 0 -2 0 1 0 0 0 0 0/0 8:35 0:00 0:00
Tomas Kundratek 0 0 0 0 0 2 2 1 2 0 0/0 29:07 1:24 3:30
Valentin Zykov 0 0 0 -2 0 0 0 0 1 1 0/1 8:35 0:00 0:00
Vince Hinostroza 0 0 0 0 0 1 3 0 0 0 0/1 11:21 0:00 0:00
Players Stats for Wolfes
Player Name G A P +/- PIM S H SB GA TA FO MP PP MP PK MP
------------------------------------------------------------------------------------
Alexandre Grenier 0 1 1 1 0 3 4 0 1 0 4/4 24:00 3:27 1:58
Angelo Esposito 0 0 0 0 0 0 0 0 0 0 4/5 11:29 0:00 0:00
Anton Lindholm 0 0 0 0 0 1 2 2 1 2 0/0 24:29 2:03 1:02
Barclay Goodrow 0 0 0 0 2 0 0 0 0 0 0/0 8:40 0:00 0:00
Benn Ferriero 1 0 1 1 0 3 3 0 0 0 0/0 16:25 2:30 0:47
Blake Pietila 1 0 1 1 0 11 1 1 0 0 1/2 22:42 3:27 1:50
Jacob Lagacé 0 0 0 0 0 0 0 0 0 0 0/0 8:41 0:00 0:00
Jyrki Jokipakka 0 0 0 0 0 1 2 2 0 1 0/0 22:49 2:03 1:02
Klas Dahlbeck 0 1 1 2 0 2 1 1 0 0 0/0 28:04 3:34 1:43
Kyle Rau 0 0 0 1 0 3 3 0 0 0 24/36 20:52 3:27 0:00
Matt Grzelcyk 0 0 0 0 2 0 1 2 0 0 0/0 13:23 0:20 0:00
Michael Stone 0 1 1 2 0 2 2 2 0 3 0/0 29:06 3:54 1:43
Nicolas Deschamps 0 0 0 0 0 2 2 0 0 0 2/2 8:41 0:00 0:00
Pavel Kraskovsky 0 0 0 0 0 0 0 0 0 0 0/0 0:00 0:00 0:00
Scott Timmins 0 1 1 1 0 1 1 2 0 0 10/19 15:38 2:30 0:00
Sergei Plotnikov 0 0 0 1 0 3 3 1 0 1 0/0 17:12 2:30 0:47
Thomas Spelling 0 0 0 0 0 3 2 0 0 0 0/0 11:29 0:00 0:00
Victor Olofsson 0 0 0 0 0 0 0 0 0 0 0/0 1:08 0:00 0:00
Zachary Sanford 0 0 0 0 0 2 1 1 1 0 0/0 12:25 0:00 0:08
3 Stars
1 - Benn Ferriero (RIM)
2 - Magnus Hellberg (Lon)
3 - Blake Pietila (RIM)
Power Play
Knights - 1 on 2 Attempt(s) - 50.00%
Wolfes - 0 on 3 Attempt(s) - 0.00%
Penalty Kill
Knights - 3 on 3 Attempt(s) - 100.00%
- Score 0 goal in Penalty Kill
Wolfes - 1 on 2 Attempt(s) - 50.00%
- Score 0 goal in Penalty Kill
Team Stat
Knights - Hits : 31 - Faceoff Wins : 23 - Blocked Shots : 16 - Penalty Minutes : 6
Wolfes - Hits : 28 - Faceoff Wins : 45 - Blocked Shots : 14 - Penalty Minutes : 4
Official
Referees : Unknown
Linesman : Unknown
Game Notes
No Game Note
Finance
Level 1 -- Attendance: 1578 (78.90%) -- Ticket Income $63,120
Level 2 -- Attendance: 672 (67.20%) -- Ticket Income $13,440
Total Attendance: 2250 (75.00%)
Total Ticket Income: $76,560
Other Income: $3,828
Total Income: $80,388
Knights
5 vs 5 Forward
Center Left Wing Right Wing Time % Phy DF OF
1 Boone Jenner Jonathan Huberdeau Josh Bailey 40 1 2 2
2 Miro Aaltonen Jordan Martinook Linden Vey 30 1 2 2
3 Brendan Gaunce Nathan Walker Vince Hinostroza 20 1 2 2
4 Nicolas Petan Valentin Zykov Nikolay Goldobin 10 1 2 2
5 vs 5 Defense
Defense Defense Time % Phy DF OF
1 Michael Matheson Tomas Kundratek 40 1 2 2
2 Ludwig Bystrom Josh Morrissey 30 1 2 2
3 Collin Miller Tomas Kundratek 20 1 2 2
4 Josh Morrissey Tomas Kundratek 10 1 2 2
PowerPlay Forward
Center Left Wing Right Wing Time % Phy DF OF
1 Boone Jenner Jonathan Huberdeau Josh Bailey 60 1 1 3
2 Miro Aaltonen Jordan Martinook Linden Vey 40 1 1 3
PowerPlay Defense
Defense Defense Time % Phy DF OF
1 Collin Miller Tomas Kundratek 60 0 1 4
2 Michael Matheson Josh Morrissey 40 0 1 4
Penalty Kill 4 Players Forward
Center Wing Time % Phy DF OF
1 Miro Aaltonen Jordan Martinook 60 1 3 1
2 Brendan Gaunce Josh Bailey 40 1 3 1
Penalty Kill 4 Players Defense
Defense Defense Time % Phy DF OF
1 Michael Matheson Tomas Kundratek 60 1 3 1
2 Michael Matheson Collin Miller 40 1 3 1
Penalty Kill - 3 Players Forward
Forward Time % Phy DF OF
1 Jordan Martinook 60 0 4 1
2 Josh Bailey 40 0 4 1
Penalty Kill - 3 Players Defense
Defense Defense Time % Phy DF OF
1 Tomas Kundratek Josh Morrissey 60 1 3 1
2 Michael Matheson Collin Miller 40 1 3 1
4 vs 4 Forward
Center Wing Time % Phy DF OF
1 Miro Aaltonen Josh Bailey 60 1 2 2
2 Brendan Gaunce Linden Vey 40 1 2 2
4 vs 4 Defense
Defense Defense Time % Phy DF OF
1 Tomas Kundratek Josh Morrissey 60 1 2 2
2 Michael Matheson Collin Miller 40 1 2 2
Last Minutes Offensive
Center Left Wing Right Wing Defense Defense
Miro Aaltonen Jonathan Huberdeau Linden Vey Collin Miller Tomas Kundratek
Last Minutes Defensive
Center Left Wing Right Wing Defense Defense
Miro Aaltonen Jordan Martinook Josh Bailey Tomas Kundratek Michael Matheson
Goaltenders
Starting : Magnus Hellberg
Backup : Elvis Merzlikins
Extra Forwards
Normal : Jordan Martinook, Linden Vey, Miro Aaltonen - PP : Linden Vey, Miro Aaltonen - PK : Miro Aaltonen
Extra Defensemen
Normal : Tomas Kundratek, Michael Matheson, Collin Miller - PP : Michael Matheson - PK : Tomas Kundratek, Michael Matheson
Penalty Shots
Miro Aaltonen, Jordan Martinook, Brendan Gaunce, Nathan Walker, Linden Vey
Scratches
Zach Nastasiuk (Healthy), Nicklas Jensen (Healthy), Alan Quine (Healthy), Jaccob Slavin (Healthy), David Shields (Healthy)
Matthew Benning (Healthy), Trevor Moore (Healthy), Scott Wilson (Healthy), Curtis Valk (Healthy), Anthony Louis (Healthy)
Travis Boyd (Healthy), Mackenzie MacEachern (Healthy), Anton Blidh (Healthy), Jayce Hawryluk (Healthy), A.J. Jenks (Healthy)
Ryan Collins (Healthy), William Lagesson (Healthy), Eamon McAdam (Healthy), Philippe Desrosiers (Healthy), Ville Husso (Healthy)
Wolfes
5 vs 5 Forward
Center Left Wing Right Wing Time % Phy DF OF
1 Kyle Rau Blake Pietila Alexandre Grenier 40 1 2 2
2 Scott Timmins Sergei Plotnikov Benn Ferriero 30 1 2 2
3 Angelo Esposito Zachary Sanford Thomas Spelling 20 1 2 2
4 Nicolas Deschamps Jacob Lagacé Barclay Goodrow 10 1 2 2
5 vs 5 Defense
Defense Defense Time % Phy DF OF
1 Michael Stone Klas Dahlbeck 40 1 2 2
2 Anton Lindholm Jyrki Jokipakka 30 1 2 2
3 Matt Grzelcyk Michael Stone 20 1 2 2
4 Klas Dahlbeck Anton Lindholm 10 1 2 2
PowerPlay Forward
Center Left Wing Right Wing Time % Phy DF OF
1 Kyle Rau Blake Pietila Alexandre Grenier 60 1 2 2
2 Scott Timmins Sergei Plotnikov Benn Ferriero 40 1 2 2
PowerPlay Defense
Defense Defense Time % Phy DF OF
1 Michael Stone Klas Dahlbeck 60 1 2 2
2 Anton Lindholm Jyrki Jokipakka 40 1 2 2
Penalty Kill 4 Players Forward
Center Wing Time % Phy DF OF
1 Alexandre Grenier Blake Pietila 60 1 2 2
2 Benn Ferriero Sergei Plotnikov 40 1 2 2
Penalty Kill 4 Players Defense
Defense Defense Time % Phy DF OF
1 Michael Stone Klas Dahlbeck 60 1 2 2
2 Anton Lindholm Jyrki Jokipakka 40 1 2 2
Penalty Kill - 3 Players Forward
Forward Time % Phy DF OF
1 Alexandre Grenier 60 1 2 2
2 Blake Pietila 40 1 2 2
Penalty Kill - 3 Players Defense
Defense Defense Time % Phy DF OF
1 Michael Stone Klas Dahlbeck 60 1 2 2
2 Anton Lindholm Jyrki Jokipakka 40 1 2 2
4 vs 4 Forward
Center Wing Time % Phy DF OF
1 Alexandre Grenier Blake Pietila 60 1 2 2
2 Benn Ferriero Sergei Plotnikov 40 1 2 2
4 vs 4 Defense
Defense Defense Time % Phy DF OF
1 Michael Stone Klas Dahlbeck 60 1 2 2
2 Anton Lindholm Jyrki Jokipakka 40 1 2 2
Last Minutes Offensive
Center Left Wing Right Wing Defense Defense
Kyle Rau Blake Pietila Alexandre Grenier Michael Stone Klas Dahlbeck
Last Minutes Defensive
Center Left Wing Right Wing Defense Defense
Kyle Rau Blake Pietila Alexandre Grenier Michael Stone Klas Dahlbeck
Goaltenders
Starting : Laurent Brossoit
Backup : Jeremy Smith
Extra Forwards
Normal : Victor Olofsson, Pavel Kraskovsky, Zachary Sanford - PP : Victor Olofsson, Pavel Kraskovsky - PK : Zachary Sanford
Extra Defensemen
Normal : Matt Grzelcyk, Jyrki Jokipakka, Michael Stone - PP : Matt Grzelcyk - PK : Jyrki Jokipakka, Michael Stone
Penalty Shots
Alexandre Grenier, Blake Pietila, Benn Ferriero, Sergei Plotnikov, Kyle Rau
Scratches
Christophe Lalancette (Healthy), Joe Morrow (Broken Bone (Right Arm) Injury), Charles-Olivier Roussel (Strained Left Elbow Injury), Martin Hanzal (Lower Body Injury), Remi Elie (Healthy)
Sean Monahan (Healthy), Louis Belpedio (Healthy), Cameron Darcy (Healthy), Joonas Lyytinen (Separated Right Shoulder Injury), Fredrik Olofsson (Healthy)
Nolan Vesey (Healthy), Vaclav Karabacek (Healthy), Kyle Pettit (Healthy), Dylan Sadowy (Healthy), Jeffrey Foss (Healthy)
Anton Karlsson (Healthy), Ebbe Siönäs (Healthy), Sami Aittokallio (Healthy), Kaapo Kahkonen (Healthy)
% Time on Ice - Knights
Lines # - Real PCT - Wanted PCT - Time Play
Normal Forward
1 - 33% - 40% - 16:41
2 - 27% - 30% - 13:28
3 - 23% - 20% - 11:21
4 - 17% - 10% - 8:35
Normal Defense
1 - 37% - 40% - 18:21
2 - 40% - 30% - 20:06
3 - 18% - 20% - 8:46
4 - 6% - 10% - 2:52
PP Forward
1 - 71% - 60% - 1:57
2 - 29% - 40% - 0:48
PP Defense
1 - 51% - 60% - 1:24
2 - 49% - 40% - 1:21
PK Forward
1 - 68% - 60% - 4:04
2 - 32% - 40% - 1:53
PK Defense
1 - 59% - 60% - 3:30
2 - 41% - 40% - 2:27
PK3 Forward
1 - 0% - 60%
2 - 0% - 40%
PK3 Defense
1 - 0% - 60%
2 - 0% - 40%
44 Forward
1 - 0% - 60%
2 - 0% - 40%
44 Defense
1 - 0% - 60%
2 - 0% - 40%
Last Minute Offensive - 1:13
Last Minute Defensive - 0:00
Total
Forward - 60:00
Defense - 60:00
|
% Time on Ice - Wolfes
Lines # - Real PCT - Wanted PCT - Time Play
Normal Forward
1 - 34% - 40% - 16:47
2 - 26% - 30% - 13:08
3 - 23% - 20% - 11:29
4 - 17% - 10% - 8:41
Normal Defense
1 - 35% - 40% - 17:24
2 - 37% - 30% - 18:37
3 - 20% - 20% - 10:14
4 - 8% - 10% - 3:50
PP Forward
1 - 58% - 60% - 3:27
2 - 42% - 40% - 2:30
PP Defense
1 - 66% - 60% - 3:54
2 - 34% - 40% - 2:03
PK Forward
1 - 72% - 60% - 1:58
2 - 28% - 40% - 0:47
PK Defense
1 - 62% - 60% - 1:43
2 - 38% - 40% - 1:02
PK3 Forward
1 - 0% - 60%
2 - 0% - 40%
PK3 Defense
1 - 0% - 60%
2 - 0% - 40%
44 Forward
1 - 0% - 60%
2 - 0% - 40%
44 Defense
1 - 0% - 60%
2 - 0% - 40%
Last Minute Offensive - 0:00
Last Minute Defensive - 1:13
Total
Forward - 60:00
Defense - 60:00
|
Play-by-Play
1st period
0:01 of 1st period - Kyle Rau wins face-off versus Boone Jenner in neutral zone.
0:26 of 1st period - Scott Timmins is hit by Michael Matheson and loses puck.
0:30 of 1st period - Icing by Michael Stone.
0:31 of 1st period - Scott Timmins wins face-off versus Miro Aaltonen in Wolfes zone.
0:36 of 1st period - Ludwig Bystrom is hit by Sergei Plotnikov and loses puck.
0:43 of 1st period - Snap shot by Sergei Plotnikov.
0:43 of 1st period - Stopped by Magnus Hellberg without a rebound.
0:44 of 1st period - Angelo Esposito wins face-off versus Brendan Gaunce in Knights zone.
0:55 of 1st period - Wrist shot by Thomas Spelling.
0:55 of 1st period - Shot Misses the Net.
1:09 of 1st period - Collin Miller is hit by Michael Stone and loses puck.
1:19 of 1st period - Off-side.
1:20 of 1st period - Kyle Rau wins face-off versus Boone Jenner in neutral zone.
1:23 of 1st period - Wrist shot by Blake Pietila.
1:23 of 1st period - Stopped by Magnus Hellberg with a rebound.
1:47 of 1st period - Wrist shot by Linden Vey.
1:47 of 1st period - Deflect By Jordan Martinook.
1:47 of 1st period - Shot Blocked by Jyrki Jokipakka.
1:47 of 1st period - Puck is out of play.
1:48 of 1st period - Miro Aaltonen wins face-off versus Scott Timmins in Wolfes zone.
1:49 of 1st period - Wrist shot by Linden Vey.
1:49 of 1st period - Stopped by Laurent Brossoit without a rebound.
1:50 of 1st period - Kyle Rau wins face-off versus Miro Aaltonen in Wolfes zone.
1:55 of 1st period - Snap shot by Alexandre Grenier.
1:55 of 1st period - Stopped by Magnus Hellberg without a rebound.
1:56 of 1st period - Boone Jenner wins face-off versus Kyle Rau in Knights zone.
2:01 of 1st period - Wrist shot by Jonathan Huberdeau.
2:01 of 1st period - Shot Misses the Net.
2:03 of 1st period - Slapshot by Tomas Kundratek.
2:03 of 1st period - Deflect By Boone Jenner.
2:03 of 1st period - Shot Blocked by Blake Pietila.
2:03 of 1st period - Puck is out of play.
2:04 of 1st period - Angelo Esposito wins face-off versus Boone Jenner in Wolfes zone.
2:04 of 1st period - Angelo Esposito is hit by Josh Morrissey.
2:14 of 1st period - Snap shot by Zachary Sanford.
2:14 of 1st period - Stopped by Magnus Hellberg with a rebound.
2:16 of 1st period - Snap shot by Zachary Sanford.
2:16 of 1st period - Shot Misses the Net.
2:56 of 1st period - Slapshot by Blake Pietila.
2:56 of 1st period - Deflect By Tomas Kundratek.
2:56 of 1st period - Stopped by Magnus Hellberg with a rebound.
2:58 of 1st period - Slapshot by Jyrki Jokipakka.
2:58 of 1st period - Shot Misses the Net.
3:00 of 1st period - Slapshot by Anton Lindholm.
3:00 of 1st period - Stopped by Magnus Hellberg with a rebound.
3:57 of 1st period - Michael Matheson is hit by Benn Ferriero.
4:03 of 1st period - Snap shot by Benn Ferriero.
4:03 of 1st period - Deflect By Scott Timmins.
4:03 of 1st period - Shot Blocked by Ludwig Bystrom.
4:03 of 1st period - Puck is out of play.
4:04 of 1st period - Nicolas Petan wins face-off versus Kyle Rau in Knights zone.
4:20 of 1st period - Minor Penalty to Nicolas Petan for Delaying the game.
4:21 of 1st period - Kyle Rau wins face-off versus Miro Aaltonen in Knights zone.
4:52 of 1st period - Klas Dahlbeck is hit by Collin Miller and loses puck.
4:59 of 1st period - Jordan Martinook is hit by Sergei Plotnikov and loses puck.
5:10 of 1st period - Kyle Rau is hit by Brendan Gaunce and loses puck.
6:04 of 1st period - Icing by Blake Pietila.
6:05 of 1st period - Kyle Rau wins face-off versus Brendan Gaunce in Wolfes zone.
6:20 of 1st period - Penalty to Nicolas Petan is over, Nicolas Petan is back on ice.
6:55 of 1st period - Zachary Sanford is hit by Ludwig Bystrom and loses puck.
7:10 of 1st period - Angelo Esposito is hit by Tomas Kundratek and loses puck.
7:17 of 1st period - Wrist shot by Josh Bailey.
7:17 of 1st period - Stopped by Laurent Brossoit with a rebound.
7:33 of 1st period - Angelo Esposito is hit by Jordan Martinook and loses puck.
7:48 of 1st period - Wrist shot by Blake Pietila.
7:48 of 1st period - Deflect By Kyle Rau.
7:48 of 1st period - Shot Blocked by Josh Morrissey.
7:48 of 1st period - Puck is out of play.
7:49 of 1st period - Kyle Rau wins face-off versus Valentin Zykov in Knights zone.
8:16 of 1st period - Kyle Rau is hit by Josh Morrissey.
8:22 of 1st period - Josh Morrissey is hit by Kyle Rau and loses puck.
8:28 of 1st period - Off-side.
8:29 of 1st period - Boone Jenner wins face-off versus Scott Timmins in neutral zone.
9:01 of 1st period - Tomas Kundratek is hit by Nicolas Deschamps and loses puck.
9:22 of 1st period - Wrist shot by Brendan Gaunce.
9:22 of 1st period - Shot Blocked by Matt Grzelcyk.
9:49 of 1st period - Wrist shot by Josh Bailey.
9:49 of 1st period - Shot Misses the Net.
10:39 of 1st period - Blake Pietila is hit by Vince Hinostroza and loses puck.
11:28 of 1st period - Snap shot by Nicolas Deschamps.
11:28 of 1st period - Stopped by Magnus Hellberg with a rebound.
11:53 of 1st period - Icing by Michael Stone.
11:54 of 1st period - Scott Timmins wins face-off versus Miro Aaltonen in Wolfes zone.
11:59 of 1st period - Klas Dahlbeck is hit by Collin Miller and loses puck.
12:12 of 1st period - Slapshot by Michael Stone.
12:12 of 1st period - Shot Hit the Post.
12:41 of 1st period - Snap shot by Scott Timmins.
12:41 of 1st period - Shot Misses the Net.
12:43 of 1st period - Snap shot by Sergei Plotnikov.
12:43 of 1st period - Shot Blocked by Michael Matheson.
12:45 of 1st period - Snap shot by Benn Ferriero.
12:45 of 1st period - Stopped by Magnus Hellberg with a rebound.
12:47 of 1st period - Snap shot by Sergei Plotnikov.
12:47 of 1st period - Shot Blocked by Michael Matheson.
12:49 of 1st period - Snap shot by Scott Timmins.
12:49 of 1st period - Shot Blocked by Collin Miller.
12:51 of 1st period - Slapshot by Klas Dahlbeck.
12:51 of 1st period - Deflect By Benn Ferriero.
12:51 of 1st period - Goal by Benn Ferriero - Knights : 0 - Wolfes : 1.
12:52 of 1st period - Kyle Rau wins face-off versus Boone Jenner in neutral zone.
14:39 of 1st period - Tomas Kundratek is hit by Anton Lindholm and loses puck.
15:16 of 1st period - Josh Morrissey is hit by Benn Ferriero and loses puck.
15:43 of 1st period - Icing by Blake Pietila.
15:44 of 1st period - Kyle Rau wins face-off versus Jonathan Huberdeau in Wolfes zone.
15:46 of 1st period - Icing by Blake Pietila.
15:47 of 1st period - Kyle Rau wins face-off versus Boone Jenner in Wolfes zone.
15:52 of 1st period - Josh Bailey is hit by Alexandre Grenier and loses puck.
15:59 of 1st period - Snap shot by Blake Pietila.
15:59 of 1st period - Stopped by Magnus Hellberg with a rebound.
16:01 of 1st period - Wrist shot by Kyle Rau.
16:01 of 1st period - Shot Blocked by Tomas Kundratek.
16:19 of 1st period - Wrist shot by Kyle Rau.
16:19 of 1st period - Stopped by Magnus Hellberg without a rebound.
16:20 of 1st period - Scott Timmins wins face-off versus Linden Vey in Knights zone.
16:21 of 1st period - Snap shot by Benn Ferriero.
16:21 of 1st period - Shot Blocked by Collin Miller.
17:06 of 1st period - Michael Stone is hit by Nathan Walker.
17:33 of 1st period - Vince Hinostroza is hit by Anton Lindholm and loses puck.
17:58 of 1st period - Snap shot by Thomas Spelling.
17:58 of 1st period - Stopped by Magnus Hellberg without a rebound.
17:59 of 1st period - Kyle Rau wins face-off versus Boone Jenner in Knights zone.
18:04 of 1st period - Snap shot by Blake Pietila.
18:04 of 1st period - Shot Misses the Net.
18:30 of 1st period - Wrist shot by Sergei Plotnikov.
18:30 of 1st period - Stopped by Magnus Hellberg without a rebound.
18:31 of 1st period - Miro Aaltonen wins face-off versus Scott Timmins in Knights zone.
18:38 of 1st period - Wrist shot by Miro Aaltonen.
18:38 of 1st period - Shot Blocked by Sergei Plotnikov.
18:40 of 1st period - Slapshot by Josh Morrissey.
18:40 of 1st period - Shot Blocked by Klas Dahlbeck.
18:48 of 1st period - Snap shot by Linden Vey.
18:48 of 1st period - Stopped by Laurent Brossoit without a rebound.
18:49 of 1st period - Kyle Rau wins face-off versus Boone Jenner in Wolfes zone.
19:11 of 1st period - Icing by Michael Matheson.
19:12 of 1st period - Scott Timmins wins face-off versus Boone Jenner in Knights zone.
19:32 of 1st period - Off-side.
19:33 of 1st period - Kyle Rau wins face-off versus Miro Aaltonen in neutral zone.
19:58 of 1st period - Minor Penalty to Ludwig Bystrom for Hooking.
19:59 of 1st period - Miro Aaltonen wins face-off versus Kyle Rau in Knights zone.
Goals for this period are 0 for Knights vs 1 for Wolfes.
Shots for this period are 3 for Knights vs 13 for Wolfes.
2nd period
0:01 of 2nd period - Kyle Rau wins face-off versus Miro Aaltonen in neutral zone.
0:04 of 2nd period - Tomas Kundratek is hit by Kyle Rau and loses puck.
0:47 of 2nd period - Wrist shot by Blake Pietila.
0:47 of 2nd period - Shot Misses the Net.
0:49 of 2nd period - Wrist shot by Alexandre Grenier.
0:49 of 2nd period - Shot Misses the Net.
0:51 of 2nd period - Slapshot by Klas Dahlbeck.
0:51 of 2nd period - Stopped by Magnus Hellberg with a rebound.
0:53 of 2nd period - Snap shot by Alexandre Grenier.
0:53 of 2nd period - Deflect By Josh Bailey.
0:53 of 2nd period - Shot Misses the Net.
0:53 of 2nd period - Puck is out of play.
0:54 of 2nd period - Scott Timmins wins face-off versus Miro Aaltonen in Knights zone.
0:55 of 2nd period - Snap shot by Sergei Plotnikov.
0:55 of 2nd period - Shot Misses the Net.
1:01 of 2nd period - Anton Lindholm is hit by Jordan Martinook and loses puck.
1:58 of 2nd period - Penalty to Ludwig Bystrom is over, Ludwig Bystrom is back on ice.
2:42 of 2nd period - Thomas Spelling is hit by Ludwig Bystrom and loses puck.
2:47 of 2nd period - Snap shot by Jonathan Huberdeau.
2:47 of 2nd period - Shot Blocked by Michael Stone.
3:54 of 2nd period - Backhand shot by Tomas Kundratek.
3:54 of 2nd period - Stopped by Laurent Brossoit without a rebound.
3:55 of 2nd period - Angelo Esposito wins face-off versus Miro Aaltonen in Wolfes zone.
4:26 of 2nd period - Alexandre Grenier is hit by Josh Morrissey and loses puck.
4:49 of 2nd period - Snap shot by Barclay Goodrow.
4:49 of 2nd period - Shot Blocked by Michael Matheson.
5:31 of 2nd period - Alexandre Grenier is hit by Jordan Martinook and loses puck.
5:50 of 2nd period - Snap shot by Zachary Sanford.
5:50 of 2nd period - Shot Misses the Net.
6:02 of 2nd period - Anton Lindholm is hit by Josh Morrissey and loses puck.
6:13 of 2nd period - Nathan Walker is hit by Klas Dahlbeck and loses puck.
6:48 of 2nd period - Wrist shot by Miro Aaltonen.
6:48 of 2nd period - Stopped by Laurent Brossoit without a rebound.
6:49 of 2nd period - Miro Aaltonen wins face-off versus Kyle Rau in Wolfes zone.
7:33 of 2nd period - Michael Matheson is hit by Alexandre Grenier and loses puck.
7:50 of 2nd period - Snap shot by Blake Pietila.
7:50 of 2nd period - Stopped by Magnus Hellberg without a rebound.
7:51 of 2nd period - Boone Jenner wins face-off versus Scott Timmins in Knights zone.
7:51 of 2nd period - Boone Jenner is hit by Michael Stone.
8:03 of 2nd period - Snap shot by Scott Timmins.
8:03 of 2nd period - Shot Misses the Net.
8:05 of 2nd period - Wrist shot by Sergei Plotnikov.
8:05 of 2nd period - Stopped by Magnus Hellberg without a rebound.
8:06 of 2nd period - Boone Jenner wins face-off versus Scott Timmins in Knights zone.
8:57 of 2nd period - Wrist shot by Jacob Lagacé.
8:57 of 2nd period - Deflect By Nicolas Deschamps.
8:57 of 2nd period - Shot Blocked by Josh Morrissey.
8:57 of 2nd period - Puck is out of play.
8:58 of 2nd period - Kyle Rau wins face-off versus Boone Jenner in Knights zone.
9:01 of 2nd period - Wrist shot by Alexandre Grenier.
9:01 of 2nd period - Shot Misses the Net.
9:06 of 2nd period - Icing by Jonathan Huberdeau.
9:07 of 2nd period - Kyle Rau wins face-off versus Josh Bailey in Knights zone.
9:12 of 2nd period - Wrist shot by Alexandre Grenier.
9:12 of 2nd period - Shot Blocked by Josh Morrissey.
9:14 of 2nd period - Slapshot by Kyle Rau.
9:14 of 2nd period - Stopped by Magnus Hellberg with a rebound.
9:16 of 2nd period - Wrist shot by Kyle Rau.
9:16 of 2nd period - Shot Misses the Net.
9:18 of 2nd period - Snap shot by Alexandre Grenier.
9:18 of 2nd period - Shot Blocked by Ludwig Bystrom.
9:20 of 2nd period - Slapshot by Michael Stone.
9:20 of 2nd period - Stopped by Magnus Hellberg with a rebound.
9:22 of 2nd period - Wrist shot by Kyle Rau.
9:22 of 2nd period - Shot Misses the Net.
9:24 of 2nd period - Snap shot by Alexandre Grenier.
9:24 of 2nd period - Shot Blocked by Josh Bailey.
9:26 of 2nd period - Wrist shot by Alexandre Grenier.
9:26 of 2nd period - Shot Blocked by Josh Morrissey.
9:28 of 2nd period - Wrist shot by Blake Pietila.
9:28 of 2nd period - Stopped by Magnus Hellberg with a rebound.
9:30 of 2nd period - Snap shot by Blake Pietila.
9:30 of 2nd period - Stopped by Magnus Hellberg with a rebound.
9:32 of 2nd period - Snap shot by Alexandre Grenier.
9:32 of 2nd period - Shot Misses the Net.
9:34 of 2nd period - Snap shot by Blake Pietila.
9:34 of 2nd period - Stopped by Magnus Hellberg without a rebound.
9:35 of 2nd period - Scott Timmins wins face-off versus Miro Aaltonen in Knights zone.
10:26 of 2nd period - Icing by Klas Dahlbeck.
10:27 of 2nd period - Nicolas Petan wins face-off versus Kyle Rau in Wolfes zone.
10:30 of 2nd period - Slapshot by Nicolas Petan.
10:30 of 2nd period - Stopped by Laurent Brossoit with a rebound.
10:38 of 2nd period - Nikolay Goldobin is hit by Blake Pietila and loses puck.
10:49 of 2nd period - Snap shot by Alexandre Grenier.
10:49 of 2nd period - Stopped by Magnus Hellberg with a rebound.
10:59 of 2nd period - Wrist shot by Blake Pietila.
10:59 of 2nd period - Shot Blocked by Ludwig Bystrom.
11:01 of 2nd period - Slapshot by Michael Stone.
11:01 of 2nd period - Stopped by Magnus Hellberg with a rebound.
11:03 of 2nd period - Snap shot by Blake Pietila.
11:03 of 2nd period - Goal by Blake Pietila - Knights : 0 - Wolfes : 2.
11:04 of 2nd period - Boone Jenner wins face-off versus Scott Timmins in neutral zone.
11:17 of 2nd period - Wrist shot by Boone Jenner.
11:17 of 2nd period - Stopped by Laurent Brossoit with a rebound.
11:29 of 2nd period - Tomas Kundratek is hit by Alexandre Grenier and loses puck.
11:48 of 2nd period - Brendan Gaunce is hit by Zachary Sanford and loses puck.
11:57 of 2nd period - Snap shot by Thomas Spelling.
11:57 of 2nd period - Stopped by Magnus Hellberg without a rebound.
11:58 of 2nd period - Blake Pietila wins face-off versus Boone Jenner in Knights zone.
12:03 of 2nd period - Snap shot by Blake Pietila.
12:03 of 2nd period - Stopped by Magnus Hellberg without a rebound.
12:04 of 2nd period - Boone Jenner wins face-off versus Kyle Rau in Knights zone.
12:31 of 2nd period - Wrist shot by Linden Vey.
12:31 of 2nd period - Stopped by Laurent Brossoit without a rebound.
12:32 of 2nd period - Miro Aaltonen wins face-off versus Scott Timmins in Wolfes zone.
12:47 of 2nd period - Slapshot by Linden Vey.
12:47 of 2nd period - Shot Blocked by Anton Lindholm.
13:16 of 2nd period - Snap shot by Nikolay Goldobin.
13:16 of 2nd period - Stopped by Laurent Brossoit without a rebound.
13:17 of 2nd period - Scott Timmins wins face-off versus Nicolas Petan in Wolfes zone.
13:44 of 2nd period - Michael Stone is hit by Boone Jenner and loses puck.
14:07 of 2nd period - Snap shot by Linden Vey.
14:07 of 2nd period - Shot Misses the Net.
14:26 of 2nd period - Josh Morrissey is hit by Nicolas Deschamps and loses puck.
14:33 of 2nd period - Snap shot by Nicolas Deschamps.
14:33 of 2nd period - Stopped by Magnus Hellberg without a rebound.
14:34 of 2nd period - Kyle Rau wins face-off versus Boone Jenner in Knights zone.
14:37 of 2nd period - Wrist shot by Blake Pietila.
14:37 of 2nd period - Stopped by Magnus Hellberg with a rebound.
14:44 of 2nd period - Minor Penalty to Matt Grzelcyk for Interference.
14:45 of 2nd period - Alexandre Grenier wins face-off versus Boone Jenner in Wolfes zone.
14:57 of 2nd period - Wrist shot by Tomas Kundratek.
14:57 of 2nd period - Deflect By Blake Pietila.
14:57 of 2nd period - Stopped by Laurent Brossoit without a rebound.
14:58 of 2nd period - Alexandre Grenier wins face-off versus Josh Bailey in Wolfes zone.
15:29 of 2nd period - Alexandre Grenier is hit by Michael Matheson and loses puck.
15:46 of 2nd period - Wrist shot by Benn Ferriero.
15:46 of 2nd period - Shot Blocked by Michael Matheson.
15:48 of 2nd period - Wrist shot by Benn Ferriero.
15:48 of 2nd period - Stopped by Magnus Hellberg without a rebound.
15:49 of 2nd period - Alexandre Grenier wins face-off versus Miro Aaltonen in Knights zone.
16:44 of 2nd period - Penalty to Matt Grzelcyk is over, Matt Grzelcyk is back on ice.
17:18 of 2nd period - Slapshot by Nikolay Goldobin.
17:18 of 2nd period - Deflect By Valentin Zykov.
17:18 of 2nd period - Shot Misses the Net.
17:18 of 2nd period - Puck is out of play.
17:19 of 2nd period - Scott Timmins wins face-off versus Nicolas Petan in Wolfes zone.
17:26 of 2nd period - Slapshot by Nicolas Petan.
17:26 of 2nd period - Stopped by Laurent Brossoit with a rebound.
17:28 of 2nd period - Slapshot by Josh Morrissey.
17:28 of 2nd period - Stopped by Laurent Brossoit with a rebound.
17:30 of 2nd period - Slapshot by Ludwig Bystrom.
17:30 of 2nd period - Shot Blocked by Scott Timmins.
17:32 of 2nd period - Wrist shot by Nikolay Goldobin.
17:32 of 2nd period - Deflect By Valentin Zykov.
17:32 of 2nd period - Shot Misses the Net.
17:32 of 2nd period - Puck is out of play.
17:33 of 2nd period - Boone Jenner wins face-off versus Scott Timmins in Wolfes zone.
17:36 of 2nd period - Backhand shot by Jonathan Huberdeau.
17:36 of 2nd period - Shot Blocked by Matt Grzelcyk.
17:44 of 2nd period - Wrist shot by Josh Bailey.
17:44 of 2nd period - Shot Misses the Net.
17:46 of 2nd period - Wrist shot by Jonathan Huberdeau.
17:46 of 2nd period - Stopped by Laurent Brossoit with a rebound.
18:00 of 2nd period - Snap shot by Tomas Kundratek.
18:00 of 2nd period - Shot Blocked by Michael Stone.
18:02 of 2nd period - Slapshot by Vince Hinostroza.
18:02 of 2nd period - Stopped by Laurent Brossoit without a rebound.
18:03 of 2nd period - Nicolas Deschamps wins face-off versus Vince Hinostroza in Wolfes zone.
18:15 of 2nd period - Icing by Barclay Goodrow.
18:16 of 2nd period - Nicolas Deschamps wins face-off versus Boone Jenner in Wolfes zone.
18:16 of 2nd period - Nicolas Deschamps is hit by Tomas Kundratek.
18:22 of 2nd period - Nicolas Deschamps is hit by Josh Bailey and loses puck.
19:39 of 2nd period - Minor Penalty to Josh Morrissey for Holding.
19:40 of 2nd period - Miro Aaltonen wins face-off versus Kyle Rau in Knights zone.
19:46 of 2nd period - Matt Grzelcyk is hit by Jordan Martinook and loses puck.
Goals for this period are 0 for Knights vs 1 for Wolfes.
Shots for this period are 11 for Knights vs 16 for Wolfes.
3rd period
0:01 of 3rd period - Kyle Rau wins face-off versus Miro Aaltonen in neutral zone.
0:35 of 3rd period - Tomas Kundratek is hit by Sergei Plotnikov and loses puck.
1:39 of 3rd period - Penalty to Josh Morrissey is over, Josh Morrissey is back on ice.
1:46 of 3rd period - Josh Morrissey is hit by Thomas Spelling and loses puck.
2:07 of 3rd period - Josh Morrissey is hit by Jyrki Jokipakka.
2:17 of 3rd period - Minor Penalty to Barclay Goodrow for Hooking.
2:18 of 3rd period - Alexandre Grenier wins face-off versus Boone Jenner in Wolfes zone.
2:42 of 3rd period - Blake Pietila is hit by Boone Jenner and loses puck.
3:03 of 3rd period - Backhand shot by Jonathan Huberdeau.
3:03 of 3rd period - Goal by Jonathan Huberdeau - Knights : 1 - Wolfes : 2.
3:04 of 3rd period - Miro Aaltonen wins face-off versus Kyle Rau in neutral zone.
3:10 of 3rd period - Snap shot by Jordan Martinook.
3:10 of 3rd period - Stopped by Laurent Brossoit without a rebound.
3:11 of 3rd period - Kyle Rau wins face-off versus Linden Vey in Wolfes zone.
3:33 of 3rd period - Icing by Collin Miller.
3:34 of 3rd period - Scott Timmins wins face-off versus Miro Aaltonen in Knights zone.
4:06 of 3rd period - Icing by Jyrki Jokipakka.
4:07 of 3rd period - Scott Timmins wins face-off versus Boone Jenner in Wolfes zone.
4:20 of 3rd period - Ludwig Bystrom is hit by Jyrki Jokipakka and loses puck.
5:50 of 3rd period - Off-side.
5:51 of 3rd period - Miro Aaltonen wins face-off versus Kyle Rau in neutral zone.
6:44 of 3rd period - Snap shot by Tomas Kundratek.
6:44 of 3rd period - Shot Misses the Net.
6:50 of 3rd period - Valentin Zykov is hit by Matt Grzelcyk and loses puck.
7:17 of 3rd period - Brendan Gaunce is hit by Thomas Spelling and loses puck.
8:52 of 3rd period - Barclay Goodrow is hit by Vince Hinostroza and loses puck.
9:03 of 3rd period - Jacob Lagacé is hit by Nicolas Petan and loses puck.
9:36 of 3rd period - Icing by Matt Grzelcyk.
9:37 of 3rd period - Angelo Esposito wins face-off versus Boone Jenner in Wolfes zone.
10:05 of 3rd period - Icing by Jyrki Jokipakka.
10:06 of 3rd period - Kyle Rau wins face-off versus Miro Aaltonen in Wolfes zone.
10:27 of 3rd period - Icing by Zachary Sanford.
10:28 of 3rd period - Boone Jenner wins face-off versus Angelo Esposito in Wolfes zone.
10:29 of 3rd period - Snap shot by Jonathan Huberdeau.
10:29 of 3rd period - Shot Blocked by Zachary Sanford.
10:39 of 3rd period - Wrist shot by Zachary Sanford.
10:39 of 3rd period - Shot Misses the Net.
10:41 of 3rd period - Snap shot by Angelo Esposito.
10:41 of 3rd period - Shot Blocked by Jonathan Huberdeau.
10:43 of 3rd period - Slapshot by Klas Dahlbeck.
10:43 of 3rd period - Stopped by Magnus Hellberg with a rebound.
10:45 of 3rd period - Slapshot by Zachary Sanford.
10:45 of 3rd period - Stopped by Magnus Hellberg without a rebound.
10:46 of 3rd period - Kyle Rau wins face-off versus Miro Aaltonen in Knights zone.
10:53 of 3rd period - Wrist shot by Alexandre Grenier.
10:53 of 3rd period - Stopped by Magnus Hellberg without a rebound.
10:54 of 3rd period - Miro Aaltonen wins face-off versus Kyle Rau in Knights zone.
10:58 of 3rd period - Off-side.
10:59 of 3rd period - Boone Jenner wins face-off versus Kyle Rau in neutral zone.
11:32 of 3rd period - Off-side.
11:33 of 3rd period - Kyle Rau wins face-off versus Boone Jenner in neutral zone.
11:40 of 3rd period - Slapshot by Blake Pietila.
11:40 of 3rd period - Stopped by Magnus Hellberg with a rebound.
11:42 of 3rd period - Slapshot by Jyrki Jokipakka.
11:42 of 3rd period - Stopped by Magnus Hellberg with a rebound.
11:44 of 3rd period - Slapshot by Kyle Rau.
11:44 of 3rd period - Shot Misses the Net.
11:46 of 3rd period - Snap shot by Blake Pietila.
11:46 of 3rd period - Deflect By Kyle Rau.
11:46 of 3rd period - Stopped by Magnus Hellberg with a rebound.
11:48 of 3rd period - Slapshot by Jyrki Jokipakka.
11:48 of 3rd period - Shot Misses the Net.
12:20 of 3rd period - Benn Ferriero is hit by Ludwig Bystrom.
13:40 of 3rd period - Slapshot by Ludwig Bystrom.
13:40 of 3rd period - Shot Misses the Net.
13:42 of 3rd period - Slapshot by Nathan Walker.
13:42 of 3rd period - Stopped by Laurent Brossoit with a rebound.
13:44 of 3rd period - Wrist shot by Brendan Gaunce.
13:44 of 3rd period - Stopped by Laurent Brossoit without a rebound.
13:45 of 3rd period - Boone Jenner wins face-off versus Blake Pietila in Wolfes zone.
14:00 of 3rd period - Snap shot by Jonathan Huberdeau.
14:00 of 3rd period - Stopped by Laurent Brossoit with a rebound.
14:10 of 3rd period - Kyle Rau is hit by Nicolas Petan and loses puck.
14:23 of 3rd period - Snap shot by Kyle Rau.
14:23 of 3rd period - Shot Misses the Net.
14:57 of 3rd period - Alexandre Grenier is hit by Jonathan Huberdeau and loses puck.
15:04 of 3rd period - Boone Jenner is hit by Kyle Rau and loses puck.
16:00 of 3rd period - Zachary Sanford is hit by Michael Matheson and loses puck.
16:22 of 3rd period - Miro Aaltonen is hit by Scott Timmins and loses puck.
16:27 of 3rd period - Snap shot by Scott Timmins.
16:27 of 3rd period - Stopped by Magnus Hellberg without a rebound.
16:28 of 3rd period - Josh Bailey wins face-off versus Scott Timmins in Knights zone.
16:35 of 3rd period - Snap shot by Josh Bailey.
16:35 of 3rd period - Shot Blocked by Jyrki Jokipakka.
16:37 of 3rd period - Snap shot by Jonathan Huberdeau.
16:37 of 3rd period - Shot Blocked by Anton Lindholm.
16:39 of 3rd period - Wrist shot by Jonathan Huberdeau.
16:39 of 3rd period - Shot Blocked by Scott Timmins.
17:10 of 3rd period - Thomas Spelling is hit by Jordan Martinook and loses puck.
17:52 of 3rd period - Snap shot by Thomas Spelling.
17:52 of 3rd period - Stopped by Magnus Hellberg without a rebound.
17:53 of 3rd period - Kyle Rau wins face-off versus Brendan Gaunce in Knights zone.
18:10 of 3rd period - Alexandre Grenier is hit by Vince Hinostroza and loses puck.
18:21 of 3rd period - Miro Aaltonen is hit by Benn Ferriero and loses puck.
18:59 of 3rd period - Kyle Rau is hit by Michael Matheson and loses puck.
19:02 of 3rd period - Knights, Magnus Hellberg is pulled from the net.
19:08 of 3rd period - Snap shot by Miro Aaltonen.
19:08 of 3rd period - Stopped by Laurent Brossoit without a rebound.
19:09 of 3rd period - Adams Oates call a timeout for Knights.
19:09 of 3rd period - Miro Aaltonen wins face-off versus Kyle Rau in Wolfes zone.
19:12 of 3rd period - Wrist shot by Linden Vey.
19:12 of 3rd period - Deflect By Kyle Rau.
19:12 of 3rd period - Shot Misses the Net.
19:12 of 3rd period - Puck is out of play.
19:13 of 3rd period - Kyle Rau wins face-off versus Miro Aaltonen in Wolfes zone.
19:50 of 3rd period - Snap shot by Jonathan Huberdeau.
19:50 of 3rd period - Stopped by Laurent Brossoit with a rebound.
19:52 of 3rd period - Wrist shot by Miro Aaltonen.
19:52 of 3rd period - Stopped by Laurent Brossoit without a rebound.
19:53 of 3rd period - Kyle Rau wins face-off versus Miro Aaltonen in Wolfes zone.
19:58 of 3rd period - Collin Miller is hit by Alexandre Grenier and loses puck.
Goals for this period are 1 for Knights vs 0 for Wolfes.
Shots for this period are 8 for Knights vs 8 for Wolfes.
Back to the Top